 Dungeon Crawl Stone Soup version 0.25-a0-576-g50b708a (webtiles) character file.

Game seed: 17116055795704707237, levelgen mode: deterministic

425163 Faels the Warrior (level 22, -20/184 HPs)
             Began as a Demonspawn Fighter on Feb 27, 2020.
             Was the Champion of Okawaru.
             Demolished by a titan (65 damage)
             ... on level 4 of the Vaults on Mar 1, 2020.
             The game lasted 04:18:10 (65190 turns).

Faels the Warrior (Demonspawn Fighter)             Turns: 65190, Time: 04:18:11

Health: -20/184    AC: 27    Str: 24    XL:     22   Next: 73%
Magic:  33/33      EV: 18    Int: 11    God:    Okawaru [******]
Gold:   1897       SH: 17    Dex: 18    Spells: 21/21 levels left

rFire    + + +     SeeInvis +   S - +8 mithril axe "Arga" {speed, MR+}
rCold    + . .     Gourm    .   B - +2 kite shield of the Ban {rF++ Str+2}
rNeg     + . .     Faith    .   k - +0 chain mail "Dufukef" {+Blink MR++ Regen+}
rPois    +         Spirit   .   (helmet unavailable)
rElec    +         Reflect  .   a - +2 cloak of the Thief {+Fog Slay-2 SInv Stlth+}
rCorr    +         Harm     .   N - +2 pair of gloves {archery}
MR       +++++                  g - +2 pair of boots
Stlth    +.........             z - amulet "Renuhext" {+Rage rElec Dex+2 Slay+2}
HPRegen  0.80/turn              D - ring of Urrucaqior {rF+ rN+ MR+ Stlth+}
MPRegen  0.23/turn              M - ring of resist corrosion

@: studying Dodging
A: antennae 3, fangs 1, slimy green scales 3, blink, cold resistance 1, demonic
guardian 2, evolution 1, augmentation 2, freezing cloud immunity
}: 2/15 runes: barnacled, gossamer
a: Blink, Heroism, Finesse, Renounce Religion, Evoke Blink, Evoke Fog, Evoke
Berserk Rage


You were on level 4 of the Vaults.
You worshipped Okawaru.
Okawaru was exalted by your worship.
You were hungry.

You visited 8 branches of the dungeon, and saw 40 of its levels.
You visited the Abyss 1 time.
You also visited: Sewer and Gauntlet.

You collected 8562 gold pieces.
You spent 6665 gold pieces at shops.

Inventory:

Hand Weapons
 C - the +10 morningstar "Reotas" {flame, rC+ Stlth+}
   (You found it on level 5 of the Dungeon)

   It has been specially enchanted to burn those struck by it, causing extra
   injury to most foes and up to half again as much damage against particularly
   susceptible opponents.
   It protects you from cold.
   It makes you more stealthy.
 S - the +8 mithril axe "Arga" (weapon) {speed, MR+}
   (You bought it in a shop on level 14 of the Dungeon)

   Attacks with this weapon are significantly faster.
   It affects your resistance to hostile enchantments.
 U - the +3 Elemental Staff {rElec rF++ rC++ MR++ AC+5}
   (You acquired it on level 2 of the Elven Halls)

   It affects your AC (+5).
   It greatly protects you from fire.
   It greatly protects you from cold.
   It insulates you from electricity.
   It affects your resistance to hostile enchantments.
Missiles
 e - 41 silver javelins
 j - 85 javelins (quivered)
 q - 95 poisoned darts
Armour
 a - the +2 cloak of the Thief (worn) {+Fog Slay-2 SInv Stlth+}
   (You found it in a Gauntlet)

   It affects your accuracy and damage with ranged weapons and melee attacks
   (-2).
   It lets you see invisible.
   It makes you more stealthy.
   If you remove this armour, your AC will decrease by 4 (27 -> 23).
 g - a +2 pair of boots (worn)
 k - the +0 chain mail "Dufukef" (worn) {+Blink MR++ Regen+}
   (You bought it in a shop on level 8 of the Dungeon)

   It affects your resistance to hostile enchantments.
   It lets you blink.
   It increases your rate of regeneration.
   If you remove this armour, your AC will decrease by 13 (27 -> 14).
 s - a +1 cloak of invisibility
 t - a +2 kite shield of reflection
 B - the +2 kite shield of the Ban (worn) {rF++ Str+2}
   (Okawaru gifted it to you on level 5 of the Lair of Beasts)

   It affects your strength (+2).
   It greatly protects you from fire.
 N - a +2 pair of gloves of archery (worn)
Jewellery
 z - the amulet "Renuhext" (around neck) {+Rage rElec Dex+2 Slay+2}
   (You bought it in a shop on level 2 of the Orcish Mines)

   [amulet of rage]

   It affects your dexterity (+2).
   It affects your accuracy and damage with ranged weapons and melee attacks
   (+2).
   It insulates you from electricity.
   It lets you go berserk.
 D - the ring of Urrucaqior (left hand) {rF+ rN+ MR+ Stlth+}
   (You bought it in a shop on level 7 of the Dungeon)

   [ring of protection from fire]

   It protects you from fire.
   It protects you from negative energy.
   It affects your resistance to hostile enchantments.
   It makes you more stealthy.
 F - the ring of the Philosopher {rC+ rN+ MR+}
   (You took it off a deep elf demonologist on level 3 of the Elven Halls)

   [ring of positive energy]

   It protects you from cold.
   It protects you from negative energy.
   It affects your resistance to hostile enchantments.
 M - a ring of resist corrosion (right hand)
Wands
 b - a wand of digging (11)
 c - a wand of clouds (15)
 p - a wand of iceblast (16)
 A - a wand of polymorph (12)
 E - a wand of disintegration (12)
 R - a wand of enslavement (34)
 T - a wand of acid (22)
 V - a wand of flame (22)
 W - a wand of paralysis (50)
Scrolls
 i - 6 scrolls of blinking
 r - a scroll of summoning
 w - 20 scrolls of remove curse
 x - 2 scrolls of identify
 y - 9 scrolls of fear
 I - 9 scrolls of teleportation
 J - 5 scrolls of fog
 Z - 4 scrolls of magic mapping
Potions
 d - 4 potions of might
 h - 2 potions of invisibility
 m - 8 potions of haste
 o - 20 potions of curing
 u - 3 potions of flight
 v - 2 potions of ambrosia
 G - 7 potions of heal wounds
 K - 2 potions of cancellation
 P - 4 potions of resistance
 X - 2 potions of lignification
Books
 O - a manual of Dodging
Miscellaneous
 l - a fan of gales
 n - a lamp of fire
 L - a phial of floods
 Q - a sack of spiders
 Y - a lightning rod (4/4)
Comestibles
 f - 45 rations


   Skills:
 + Level 18.0 Fighting
   Level 5.8 Long Blades
 - Level 12.8(16.0) Axes
 - Level 16.0(17.8) Maces & Flails
 - Level 5.5(12.0) Staves
 + Level 10.5 Throwing
 + Level 12.9 Armour
 + Level 14.1 Dodging
 - Level 15.3 Shields
 - Level 9.7 Invocations
 + Level 14.9 Evocations


You had 21 spell levels left.
You didn't know any spells.
Your spell library contained the following spells:

 Spells                   Type           Power        Failure   Level  Hunger
 Animate Skeleton         Necr           N/A          86%         1    ##.....
 Beastly Appendage        Tmut           #.....       86%         1    ##.....
 Corona                   Hex            #......      86%         1    ##.....
 Infusion                 Chrm           #...         86%         1    ##.....
 Pain                     Necr           #...         86%         1    ##.....
 Sandblast                Erth           #.....       86%         1    ##.....
 Sting                    Tmut/Pois      #...         86%         1    ##.....
 Corpse Rot               Necr/Air       N/A          94%         2    ###....
 Ensorcelled Hibernation  Hex/Ice        #.....       94%         2    ###....
 Passwall                 Tmut/Erth      #.......     94%         2    ###....
 Poisonous Vapours        Pois/Air       #.....       94%         2    ###....
 Shroud of Golubria       Chrm/Tloc      #.....       94%         2    ###....
 Song of Slaying          Chrm           #.......     94%         2    ###....
 Sticks to Snakes         Tmut           #.......     94%         2    ###....
 Sublimation of Blood     Necr           #.........   94%         2    ###....
 Confusing Touch          Hex            #.......     99%         3    ####...
 Conjure Flame            Conj/Fire      #.......     99%         3    ####...
 Dazzling Flash           Conj/Hex       #.....       99%         3    ####...
 Gell's Gravitas          Tloc           #.........   99%         3    ####...
 Ignite Poison            Fire/Tmut/Pois #.......     99%         3    ####...
 Mephitic Cloud           Conj/Pois/Air  #.......     99%         3    ####...
 Ozocubu's Armour         Chrm/Ice       #.......     99%         3    ####...
 Portal Projectile        Hex/Tloc       #.....       99%         3    ####...
 Recall                   Summ/Tloc      N/A          99%         3    ####...
 Spectral Weapon          Hex/Chrm       #.......     99%         3    ####...
 Spider Form              Tmut/Pois      #.........   99%         3    ####...
 Static Discharge         Conj/Air       #.......     99%         3    ####...
 Tukima's Dance           Hex            #.......     99%         3    ####...
 Vampiric Draining        Necr           #.........   99%         3    ####...
 Animate Dead             Necr           N/A          100%        4    #####..
 Dispel Undead            Necr           #.......     100%        4    #####..
 Ice Form                 Ice/Tmut       #.......     100%        4    #####..
 Leda's Liquefaction      Hex/Erth       #.........   100%        4    #####..
 Olgreb's Toxic Radiance  Pois           #.......     100%        4    #####..
 Summon Ice Beast         Ice/Summ       #.......     100%        4    #####..
 Agony                    Necr           #.......     100%        5    ######.
 Blade Hands              Tmut           #.........   100%        5    ######.
 Borgnjor's Vile Clutch   Necr/Erth      #.........   100%        5    ######.
 Excruciating Wounds      Chrm/Necr      #.........   100%        5    ######.
 Fireball                 Conj/Fire      #.........   100%        5    ######.
 Lee's Rapid Deconstruct  Erth           #.........   100%        5    ######.
 Lightning Bolt           Conj/Air       #.........   100%        5    ######.
 Metabolic Englaciation   Hex/Ice        #.........   100%        5    ######.
 Silence                  Hex/Air        #.........   100%        5    ######.
 Death Channel            Necr           #.........   100%        6    #######
 Dispersal                Tloc           #.........   100%        6    #######
 Invisibility             Hex            #.......     100%        6    #######
 Simulacrum               Ice/Necr       #.........   100%        6    #######
 Starburst                Conj/Fire      #.........   100%        6    #######
 Statue Form              Tmut/Erth      #........    100%        6    #######
 Ring of Flames           Chrm/Fire      #.........   100%        7    #######
 Controlled Blink         Tloc           N/A          100%        8    #######
 Disjunction              Tloc           #.........   100%        8    #######
 Ignition                 Fire           #.........   100%        8    #######
 Shatter                  Erth           #.........   100%        9    #######
 Tornado                  Air            #.........   100%        9    #######


Dungeon Overview and Level Annotations

Branches:
Dungeon (15/15)            Temple (1/1) D:7            Lair (6/6) D:9
 Shoals (4/4) Lair:2       Spider (4/4) Lair:4        Slime (0/5) Lair:5
    Orc (2/2) D:9             Elf (3/3) Orc:2        Vaults (5/5) D:14
  Crypt (0/3) Vaults:2     Depths (0/5) D:15          Sewer (visited)
Gauntlet (visited)

Altars:
Ashenzari
Cheibriados
Dithmenos
Elyvilon
Fedhas
Gozag
Hepliaklqana
Kikubaaqudgha
Makhleb
Nemelex Xobeh
Okawaru
Qazlal
Ru
Sif Muna
Trog
Uskayaw
Vehumet
Wu Jian
Xom
Yredelemnul
Zin
The Shining One
Beogh
Jiyva

Shops:
D:7 =   D:8 *   D:14 (   Orc:1 [   Orc:2 *[([   Elf:2 ?   Elf:3 (   Shoals:2 [
Vaults:2 !   Vaults:3 *   Vaults:4 *

Annotations:
D:5 2 runed translucent doors
Lair:3 exclusion: oklob plant
Lair:6 exclusion: oklob plant


Innate Abilities, Weirdness & Mutations

You have a pair of large antennae on your head. (SInv)
You are completely covered in slimy green scales. (AC +4, rPois)
Your flesh is cold resistant. (rC+)
A demonic guardian rushes to your aid.
Your magical and physical power is enhanced at high health.
You are immune to freezing clouds.
You have very sharp teeth.
You can translocate small distances at will.
You evolve.


Message History

You barely miss the yaktaur captain.
The deep elf sorcerer hits you but does no damage.
The yaktaur captain hits you but does no damage.
You barely miss the ettin.
The ettin is heavily wounded.
Your chain mail "Dufukef" prevents you from hitting the yaktaur captain.
You slash the frost giant! You slash the deep elf sorcerer! You hit the titan.
You slash the frost giant!
The deep elf sorcerer completely misses you.
The frost giant hits you but does no damage.
The frost giant hits you with a +2 battleaxe of freezing!!
The frost giant freezes you.
The frost giant hits your soul eater with a +2 battleaxe of freezing!
The frost giant freezes your soul eater.
The ettin hits you with a +0 great mace!!
* * * LOW HITPOINT WARNING * * *
The ettin hits you with a +0 dire flail!
* * * LOW HITPOINT WARNING * * *
The titan hits you!!!
You die...

...........# #######'##
......)....# #...# ######.....#
#...# #.....# ####...## #..((.#
#......#.
#...)(##############.#....#.
#....[#[..........##......#.
#....)(...eCC.....#####...'.
#######..3C@C.....#...'.#.#.
##### #####...##c##...#...'...#.
#...###...#####...#####..)#####.
#...#.'...#.....(.....#......##.
#..'###'..'...........#.#..#.##.
####...########.[.#####......###
#.'.⌠.'.##...##'##...#...#####
####...####...........#)..'.(.#
#..'###'..#.........)))...'.#.#


You could see a titan, 2 frost giants, a yaktaur captain, an ettin, a deep elf
sorcerer and a friendly soul eater.

Vanquished Creatures
  An ancient lich (Vaults:5)
  Boris (Vaults:3)
  Saint Roka (Vaults:4)
  Xtahua (Vaults:4)
  2 tentacled monstrosities
  Rupert (D:13)
  2 liches
  Jorgrun (D:14)
  2 deep elf blademasters (Elf:3)
  4 titans
  A kraken (Shoals:4)
  Polyphemus (Shoals:3)
  Kirke (Elf:1)
  Agnes (Elf:2)
  4 storm dragons
  A shadow dragon (Vaults:5)
  Roxanne (D:15)
  5 frost giants
  Louise (Shoals:4)
  11 vault wardens
  2 fire giants
  6 deep elf sorcerers
  2 iron dragons
  6 ghost moths
  A ghoul (Vaults:2)
  4 emperor scorpions
  An orc warlord (Vaults:5)
  4 deep elf elementalists (Elf:3)
  7 stone giants
  13 ironheart preservers
  4 very ugly things
  7 deep elf demonologists
  6 entropy weavers
  A vampire knight (Vaults:2)
  A spark wasp (shapeshifter) (Vaults:5)
  3 spark wasps
  6 deep elf annihilators
  A minotaur (Gauntlet)
  Snorg (D:11)
  3 ettins
  A deep elf death mage (Vaults:4)
  A fire dragon (Shoals:1)
  7 merfolk javelineers
  7 merfolk impalers
  5 deep elf high priests
  A great orb of eyes (Vaults:2)
  16 ogre magi
  8 yaktaur captains
  2 ice dragons
  6 merfolk avatars
  31 vault guards
  7 hydras
  3 rakshasas
  2 catoblepae
  A ghost crab (Gauntlet)
  5 alligator snapping turtles
  3 satyrs
  40 two-headed ogres
  4 death knights
  10 centaur warriors
  31 dancing weapons
  5 death yaks
  5 merfolk aquamancers
  3 deep troll shamans
  A vampire mage (Vaults:2)
  2 tengu warriors (D:15)
  A queen ant (Spider:3)
  2 thrashing horrors (Abyss:2)
  An orc high priest (Orc:2)
  Nergalle (Lair:4)
  24 deep elf knights
  3 shadow wraiths
  A wretched star (Abyss:2)
  2 flayed ghosts (Vaults:4)
  A skeletal warrior (Vaults:4)
  6 deep trolls
  An obsidian statue (D:10)
  6 unseen horrors
  9 deep elf archers
  An orange crystal statue (Gauntlet)
  7 harpies
  14 sea snakes
  2 phantasmal warriors
  17 ironbrand convokers
  4 wizards
  7 orc knights
  3 necromancers
  14 orb spiders
  A harpy (shapeshifter) (Vaults:1)
  49 deep elf magi
  18 ugly things
  A wolf spider zombie (D:10)
  3 orc sorcerers
  The ghost of Caerwyn the Magician, a novice DEFE (D:5)
  A stone giant zombie (Vaults:1)
  12 fauns
  35 wolf spiders
  7 cyclopes
  8 slime creatures
  16 manticores
  3 moths of wrath
  16 vault sentinels
  10 merfolk sirens
  A water nymph (shapeshifter) (Vaults:3)
  2 torpor snails
  A water nymph (Shoals:4)
  14 elephants
  A yaktaur zombie (Vaults:1)
  4 black mambas
  18 spiny frogs
  An apocalypse crab (Abyss:2)
  4 gargoyles
  A centaur skeleton (D:15)
  An orange demon (Abyss:2)
  A rime drake (Lair:3)
  11 freezing wraiths
  10 komodo dragons
  32 yaktaurs
  An ancient zyme (Abyss:2)
  An efreet (D:13)
  10 demonic crawlers
  A queen bee (shapeshifter) (Vaults:4)
  3 polar bears (shapeshifter)
  8 trolls
  28 jumping spiders
  2 wind drakes (shapeshifter)
  11 hornets
  A tengu conjurer (D:15)
  A troll (shapeshifter) (Vaults:2)
  3 polar bears
  35 merfolk
  3 tyrant leeches (Spider:2)
  2 meliai (shapeshifter)
  10 raiju (Abyss:2)
  2 wind drakes
  6 blink frogs
  14 snapping turtles
  6 dream sheep
  A dream sheep (shapeshifter) (D:15)
  A meliai zombie (D:10)
  12 hippogriffs
  A centaur simulacrum (D:15)
  Sigmund (D:5)
  2 air elementals
  80 redbacks
  48 yaks
  3 wraiths
  18 water elementals
  A shadow (D:13)
  30 tarantellas
  3 fire elementals
  A ynoxinul (Abyss:2)
  2 humans
  6 hogs
  6 large abominations (Abyss:2)
  3 wyverns
  A hungry ghost (Shoals:1)
  2 chaos spawn (Abyss:2)
  6 vampire mosquitoes (D:15)
  5 wargs
  A soldier ant (shapeshifter) (Vaults:3)
  4 acid dragons (D:15)
  20 water moccasins
  8 porcupines
  23 soldier ants
  A porcupine (shapeshifter) (D:15)
  An ogre skeleton (Vaults:1)
  A floating eye (shapeshifter) (Elf:2)
  An eye of draining (D:12)
  5 ice beasts
  28 orc warriors
  10 starcursed masses (Abyss:2)
  3 phantoms
  3 sky beasts
  6 small abominations (Abyss:2)
  3 black bears
  43 ogres
  11 wolves
  A necrophage (D:7)
  5 centaurs
  9 crocodiles
  A big kobold (D:10)
  17 bullfrogs
  A wyvern zombie (D:9)
  8 earth elementals
  A wyvern skeleton (D:13)
  6 scorpions
  A killer bee (shapeshifter) (Elf:2)
  13 killer bees
  18 wights
  4 electric eels
  5 crimson imps
  3 centaur zombies
  3 bullfrog zombies
  16 orc priests
  5 hounds
  A bullfrog skeleton (D:7)
  5 jellies
  5 iguanas
  23 orc wizards
  31 worker ants
  A hound zombie (D:6)
  2 hound skeletons
  A worker ant zombie (D:11)
  A howler monkey zombie (D:11)
  8 gnolls
  A howler monkey skeleton (D:4)
  12 adders
  A river rat (D:4)
  3 shadow imps
  4 oozes (Lair:5)
  An adder skeleton (D:6)
  2 adder zombies
  2 dart slugs
  6 worms
  10 leopard geckos
  85 orcs
  2 ball pythons
  13 bats
  11 giant cockroaches
  2 goblins
  8 hobgoblins
  3 jackals
  7 quokkas
  4 frilled lizards
  A giant cockroach zombie (D:5)
  10 kobolds
  A leopard gecko zombie (D:9)
  A quokka skeleton (D:5)
  9 rats
  A bush (Shoals:1)
  3 plants
1690 creatures vanquished.

Vanquished Creatures (collateral kills)
  Arachne (Spider:2)
  A lich (Vaults:4)
  An orc warlord (Vaults:4)
  A deep elf sorcerer (Elf:3)
  A vault warden (Vaults:3)
  An emperor scorpion (Spider:4)
  2 entropy weavers
  2 ironheart preservers (Vaults:4)
  A deep elf demonologist (Elf:3)
  2 vault guards
  2 centaur warriors
  A death knight (Vaults:4)
  A merfolk avatar (Shoals:2)
  10 two-headed ogres
  2 ogre magi
  A dancing weapon (Elf:1)
  A deep elf knight (Elf:2)
  2 deep elf archers
  A lindwurm (Lair:6)
  8 orb spiders
  2 ugly things
  4 wolf spiders
  4 fauns
  An orc sorcerer (D:14)
  3 deep elf magi
  A cyclops (D:13)
  A slime creature (D:13)
  A spiny frog (Lair:4)
  2 yaktaurs
  An ancient zyme (Abyss:2)
  A merfolk (Shoals:2)
  6 jumping spiders
  A tyrant leech (Spider:2)
  2 raiju (Abyss:2)
  A blink frog (Lair:5)
  13 redbacks
  A wraith (D:12)
  3 tarantellas
  2 water elementals (Shoals:2)
  A wyvern (D:15)
  8 yaks
  A basilisk (Lair:2)
  4 soldier ants (Spider:3)
  11 ogres
  An orc warrior (Orc:2)
  2 starcursed masses (Abyss:2)
  A crimson imp (D:13)
  An orc wizard (Orc:2)
  A worker ant (Spider:3)
  6 orcs
  A goblin (D:9)
  2 plants (Shoals:3)
132 creatures vanquished.

Vanquished Creatures (others)
  A vault guard (Vaults:3)
  A dancing weapon (Elf:1)
  A satyr (Shoals:3)
  A deep elf knight (Elf:3)
  A deep elf mage (D:12)
  A faun (Shoals:2)
  A torpor snail (Spider:2)
  A small abomination (Abyss:2)
  A crimson imp (D:15)
  A hound (D:12)
  10 fungi
  7 plants
  4 tentacles (Shoals:4)
  3 withered plants (Gauntlet)
34 creatures vanquished.

Grand Total: 1856 creatures vanquished

Notes
Turn   | Place    | Note
-------+----------+-------------------------------------------
     0 | D:1      | Faels the Demonspawn Fighter began the quest for the Orb.
     0 | D:1      | Reached XP level 1. HP: 18/18 MP: 1/1
    64 | D:1      | Gained mutation: You are partially covered in slimy green
                  | scales. (AC +2) [demonic ancestry]
    64 | D:1      | Reached XP level 2. HP: 17/24 MP: 2/2
   348 | D:1      | Reached skill level 1 in Dodging
   551 | D:2      | Reached XP level 3. HP: 29/29 MP: 3/3
   638 | D:2      | Found a faded altar of an unknown god.
  1053 | D:2      | Reached skill level 1 in Evocations
  1053 | D:2      | Gained mutation: You are mostly covered in slimy green
                  | scales. (AC +3) [demonic ancestry]
  1053 | D:2      | Reached XP level 4. HP: 32/35 MP: 4/4
  1494 | D:2      | Reached XP level 5. HP: 25/42 MP: 4/6
  2206 | D:3      | Reached skill level 4 in Fighting
  2206 | D:3      | Gained mutation: Your flesh is cold resistant. (rC+)
                  | [demonic ancestry]
  2206 | D:3      | Reached XP level 6. HP: 48/48 MP: 7/7
  2596 | D:4      | Gained mutation: You are frail. (-10% HP) [potion of
                  | mutation]
  2596 | D:4      | Gained mutation: Armour fits poorly on your strangely
                  | shaped body. [potion of mutation]
  2596 | D:4      | Gained mutation: You occasionally shout uncontrollably at
                  | your foes. [potion of mutation]
  2596 | D:4      | Gained mutation: You have an increased reservoir of magic.
                  | (+10% MP) [potion of mutation]
  2597 | D:4      | Lost mutation: You occasionally shout uncontrollably at
                  | your foes. [potion of mutation]
  2597 | D:4      | Lost mutation: Armour fits poorly on your strangely shaped
                  | body. [potion of mutation]
  2597 | D:4      | Lost mutation: You are frail. (-10% HP) [potion of
                  | mutation]
  2597 | D:4      | Gained mutation: Your skin changes colour to match your
                  | surroundings (Stealth+). [potion of mutation]
  2597 | D:4      | Gained mutation: You are robust. (+10% HP) [potion of
                  | mutation]
  2597 | D:4      | Gained mutation: You have sharp fingernails. [potion of
                  | mutation]
  2597 | D:4      | Gained mutation: You possess an exceptional clarity of
                  | mind. [potion of mutation]
  2940 | D:4      | Found a glowing drain.
  2945 | Sewer    | Entered a sewer
  3002 | Sewer    | Reached XP level 7. HP: 39/60 MP: 8/10
  3665 | D:4      | Reached skill level 5 in Long Blades
  4178 | D:5      | Entered Level 5 of the Dungeon
  4332 | D:5      | Found a runed translucent door.
  4344 | D:5      | Noticed Caerwyn's ghost (novice DEFE)
  4369 | D:5      | Noticed Sigmund
  4380 | D:5      | Killed Sigmund
  4380 | D:5      | Reached skill level 5 in Fighting
  4604 | D:5      | Found a large runed translucent door.
  4604 | D:5      | Found a large runed translucent door.
  4619 | D:5      | Gained mutation: You are completely covered in slimy green
                  | scales. (AC +4, rPois) [demonic ancestry]
  4619 | D:5      | Reached XP level 8. HP: 22/68 MP: 11/11
  5048 | D:5      | Got a dazzling morningstar
  5056 | D:5      | Identified the +10 morningstar "Reotas" {flame, rC+ Stlth+}
                  | (You found it on level 5 of the Dungeon)
  5079 | D:5      | Found a large runed translucent door.
  5079 | D:5      | Found a large runed translucent door.
  5217 | D:5      | Reached skill level 1 in Maces & Flails
  5518 | D:5      | Found a shadowy altar of Dithmenos.
  5954 | D:6      | Found a sacrificial altar of Ru.
  6325 | D:6      | Reached skill level 5 in Maces & Flails
  6433 | D:6      | Gained mutation: You have a pair of small antennae on your
                  | head. [demonic ancestry]
  6433 | D:6      | Reached XP level 9. HP: 74/74 MP: 13/13
  6728 | D:7      | Found Sonacilu's Jewellery Boutique.
  6823 | D:7      | Found a staircase to the Ecumenical Temple.
  7310 | D:7      | Got an encrusted great sword
  8146 | D:8      | Found Xioh Got's Assorted Antiques.
  8194 | D:8      | Gained mutation: A weak demonic guardian rushes to your
                  | aid. [demonic ancestry]
  8194 | D:8      | Reached XP level 10. HP: 61/81 MP: 14/14
  8342 | D:8      | Noticed a gargoyle
  8350 | D:8      | Killed a gargoyle
  8687 | D:8      | Noticed a two-headed ogre
  8698 | D:8      | Killed a two-headed ogre
  8698 | D:8      | Reached skill level 10 in Maces & Flails
  8818 | Temple   | Entered the Ecumenical Temple
  8922 | Temple   | Became a worshipper of Warmaster Okawaru
  9443 | D:7      | Bought the ring of Urrucaqior {rF+ rN+ MR+ Stlth+} for 490
                  | gold pieces
  9594 | D:9      | Found a staircase to the Lair.
  9707 | D:9      | Found an ornate altar of the Wu Jian Council.
  9727 | D:9      | Found a hazy altar of Hepliaklqana.
  9888 | D:9      | Found a shattered altar of Ashenzari.
  9922 | D:9      | Reached * piety under Okawaru
 10404 | D:9      | Found a staircase to the Orcish Mines.
 10602 | D:5      | Killed Caerwyn's ghost
 10849 | D:9      | Noticed a two-headed ogre
 11074 | D:9      | Killed a two-headed ogre
 11074 | D:9      | Reached ** piety under Okawaru
 11074 | D:9      | Reached XP level 11. HP: 72/88 MP: 12/15
 11345 | Lair:1   | Entered Level 1 of the Lair of Beasts
 11458 | Lair:1   | You fall into a shaft and drop 1 floor!
 11462 | Lair:2   | Found a gate leading to a gauntlet.
 11480 | Lair:2   | Found a staircase to the Shoals.
 11516 | Gauntlet | Entered a Gauntlet
 11516 | Gauntlet | Found a transporter.
 11516 | Gauntlet | Found a transporter.
 11516 | Gauntlet | Noticed an orange crystal statue
 11517 | Gauntlet | Found the +2 cloak of the Thief {+Fog Slay-2 SInv Stlth+}
 11680 | Gauntlet | Found a transporter.
 11683 | Gauntlet | Found a transporter.
 11683 | Gauntlet | Found a transporter.
 11692 | Gauntlet | Noticed a ghost crab
 11693 | Gauntlet | Found a transporter.
 11759 | Gauntlet | Found a transporter.
 11771 | Gauntlet | Found a transporter.
 11785 | Gauntlet | Found a transporter.
 11794 | Gauntlet | Noticed a catoblepas
 11795 | Gauntlet | Found a transporter.
 11810 | Gauntlet | Found a transporter.
 11816 | Gauntlet | Found a transporter.
 11816 | Gauntlet | Noticed a catoblepas
 11895 | Gauntlet | Killed an orange crystal statue
 11895 | Gauntlet | Reached *** piety under Okawaru
 11974 | Gauntlet | Killed a ghost crab
 12096 | Gauntlet | Got a steaming platinum ring
 12102 | Gauntlet | Identified the ring of Xodwaom {rPois rN+ Dex+2} (You found
                  | it in a Gauntlet)
 12143 | Gauntlet | Noticed a minotaur
 12158 | Gauntlet | Killed a minotaur
 12937 | Lair:1   | Reached **** piety under Okawaru
 13733 | Lair:2   | Noticed a five-headed hydra
 13739 | Lair:2   | Killed a five-headed hydra
 13914 | Lair:2   | Gained mutation: You are immune to freezing clouds.
                  | [demonic ancestry]
 13914 | Lair:2   | Reached XP level 12. HP: 87/94 MP: 13/16
 14493 | Lair:2   | Reached skill level 15 in Maces & Flails
 14748 | Lair:2   | Received a gift from Okawaru
 14751 | Lair:2   | Reached ***** piety under Okawaru
 15487 | Lair:3   | Reached skill level 1 in Invocations
 15522 | Lair:3   | Noticed an eight-headed hydra
 15529 | Lair:2   | HP: 1/95 [yak (6)]
 16024 | Lair:2   | Reached skill level 6 in Fighting
 16239 | Lair:3   | Killed an eight-headed hydra
 16526 | Lair:3   | Reached skill level 5 in Dodging
 16529 | Lair:3   | Received a gift from Okawaru
 16978 | D:8      | Bought a steaming chain mail for 304 gold pieces
 16978 | D:8      | Bought a scroll of identify for 64 gold pieces
 16978 | D:8      | Identified the cursed +0 chain mail "Dufukef" {+Blink MR++
                  | Regen+} (You bought it in a shop on level 8 of the Dungeon)
 17081 | Lair:4   | Noticed Nergalle
 17117 | Lair:4   | Found a hole to the Spider Nest.
 17248 | Lair:4   | Gained mutation: You have a pair of antennae on your head.
                  | [demonic ancestry]
 17248 | Lair:4   | Reached XP level 13. HP: 103/103 MP: 17/17
 17311 | Lair:4   | Reached skill level 5 in Shields
 17448 | Lair:4   | Killed Nergalle
 18444 | Lair:5   | Reached ****** piety under Okawaru
 18478 | Lair:5   | Received a gift from Okawaru
 18479 | Lair:5   | Got a warped kite shield {god gift}
 18516 | Lair:5   | Identified the +2 kite shield of the Ban {rF++ Str+2}
                  | (Okawaru gifted it to you on level 5 of the Lair of Beasts)
 18735 | Lair:5   | Noticed Sonja
 18738 | Lair:5   | Noticed Sonja
 18738 | Lair:5   | Sonja changed into Sonja the polar bear
 18745 | Lair:5   | Killed Sonja the polar bear
 18770 | Lair:5   | Found a runed translucent door.
 18773 | Lair:5   | Found a viscous altar of Jiyva.
 18775 | Lair:5   | Found a staircase to the Slime Pits.
 18780 | Lair:5   | Reached skill level 5 in Invocations
 18901 | Lair:5   | Reached skill level 7 in Fighting
 19209 | Lair:6   | Entered Level 6 of the Lair of Beasts
 19365 | Lair:6   | Reached skill level 5 in Armour
 19999 | Lair:6   | Received a gift from Okawaru
 20187 | Lair:6   | Reached skill level 10 in Shields
 20861 | Orc:1    | Entered Level 1 of the Orcish Mines
 21064 | Orc:1    | Found Ehaic's Armour Boutique.
 21235 | Orc:1    | Bought a +1 pair of boots for 149 gold pieces
 21252 | Orc:2    | Entered Level 2 of the Orcish Mines
 21465 | Orc:2    | Gained mutation: A demonic guardian rushes to your aid.
                  | [demonic ancestry]
 21465 | Orc:2    | Reached XP level 14. HP: 113/113 MP: 20/20
 21562 | Orc:2    | Found a staircase to the Elven Halls.
 21821 | Orc:2    | Found Juocraph's Weapon Shop.
 21821 | Orc:2    | Found Kompeoheu's Antique Armour Shoppe.
 21822 | Orc:2    | Found Duamin's General Store.
 21822 | Orc:2    | Found Watrace's Armour Shop.
 21847 | Orc:2    | Bought the amulet "Renuhext" {+Rage rElec Dex+2 Slay+2} for
                  | 932 gold pieces
 22062 | Orc:2    | Found a roughly hewn altar of Beogh.
 22662 | D:10     | Entered Level 10 of the Dungeon
 22665 | D:10     | Received a gift from Okawaru
 24007 | D:11     | Noticed Snorg
 24021 | D:11     | Killed Snorg
 24822 | D:12     | Identified the Volume of the Flamy Frostbite
 25074 | D:12     | Received a gift from Okawaru
 25844 | D:13     | Noticed Rupert
 25854 | D:13     | Killed Rupert
 26639 | D:13     | Reached skill level 15 in Shields
 26642 | D:13     | Reached XP level 15. HP: 119/119 MP: 21/21
 26842 | Lair:2   | Upgraded the game from 0.25-a0-566-g062765b to
                  | 0.25-a0-571-gb5e01bd
 26884 | Spider:1 | Entered Level 1 of the Spider Nest
 26922 | Spider:1 | Got a faintly glowing plate armour
 26954 | Lair:4   | Identified the +8 plate armour of Narcissism {rF++ MP+9
                  | Dex-5 SInv} (You found it on level 1 of the Spider Nest)
 27286 | Spider:1 | Reached skill level 1 in Throwing
 27506 | Spider:1 | Received a gift from Okawaru
 27883 | Spider:1 | Reached skill level 8 in Fighting
 27958 | Spider:1 | Reached skill level 5 in Evocations
 29304 | Spider:2 | Received a gift from Okawaru
 29555 | Spider:2 | Lost mutation: Your skin changes colour to match your
                  | surroundings (Stealth+). [the power of Zot]
 29657 | Spider:2 | Noticed Arachne
 29667 | Spider:2 | Killed Arachne
 30398 | Spider:2 | Reached skill level 9 in Fighting
 30517 | Spider:3 | Noticed a ghost moth
 30529 | Spider:3 | Killed a ghost moth
 30879 | Spider:3 | Received a gift from Okawaru
 30880 | Spider:3 | Found the +15 Maxwell's patent armour {-Cast -Tele rElec
                  | MR+ rCorr}
 31162 | Spider:3 | Noticed a ghost moth
 31175 | Spider:3 | Killed a ghost moth
 31175 | Spider:3 | Reached XP level 16. HP: 125/132 MP: 0/23
 31760 | Spider:3 | Reached skill level 5 in Throwing
 32360 | Spider:4 | Entered Level 4 of the Spider Nest
 32944 | Spider:3 | Received a gift from Okawaru
 33354 | Elf:1    | Entered Level 1 of the Elven Halls
 33765 | Elf:1    | Reached skill level 10 in Fighting
 34493 | Elf:1    | Noticed Kirke
 34520 | Elf:1    | Killed Kirke
 34897 | Elf:2    | Found Heumpec's Magic Scroll Boutique.
 34899 | Elf:2    | Bought a scroll of acquirement for 624 gold pieces
 34899 | Elf:2    | Identified the +2 hat of Rationality {+Blink SInv} (You
                  | acquired it on level 2 of the Elven Halls)
 34899 | Elf:2    | Identified the amulet of Royalty {RegenMP Str-5 Int+2
                  | Dex+3} (You acquired it on level 2 of the Elven Halls)
 34900 | Elf:2    | Found the +3 Elemental Staff {rElec rF++ rC++ MR++ AC+5}
 35124 | Elf:2    | Reached skill level 1 in Staves
 35198 | Elf:2    | Paralysed by a floating eye for 2 turns
 35673 | Elf:2    | Bought a scroll of identify for 24 gold pieces
 35673 | Elf:2    | Bought a scroll of magic mapping for 42 gold pieces
 35673 | Elf:2    | Bought a scroll of teleportation for 36 gold pieces
 35673 | Elf:2    | Bought 2 scrolls of fear for 84 gold pieces
 35754 | Elf:2    | Gained mutation: Your spells are a little easier to cast,
                  | but a little less powerful. [a neqoxec]
 35756 | Elf:2    | Lost mutation: You possess an exceptional clarity of mind.
                  | [a neqoxec]
 35871 | Elf:2    | Received a gift from Okawaru
 35883 | Elf:2    | Found a runed translucent gate.
 35883 | Elf:2    | Found a runed translucent gate.
 36045 | Elf:2    | Gained mutation: Your magical and physical power is
                  | slightly enhanced at high health. [demonic ancestry]
 36045 | Elf:2    | Reached XP level 17. HP: 141/141 MP: 26/26
 36175 | Elf:2    | Found a runed translucent gate.
 36434 | Elf:2    | Noticed Agnes
 36445 | Elf:2    | Killed Agnes
 36445 | Elf:2    | Reached skill level 10 in Evocations
 36457 | Elf:2    | Received a gift from Okawaru
 36470 | Elf:2    | Reached skill level 5 in Staves
 37958 | Spider:3 | Lost mutation: You have an increased reservoir of magic.
                  | (+10% MP) [potion of mutation]
 37958 | Spider:3 | Lost mutation: Your spells are a little easier to cast, but
                  | a little less powerful. [potion of mutation]
 37958 | Spider:3 | Lost mutation: You are robust. (+10% HP) [potion of
                  | mutation]
 37958 | Spider:3 | Lost mutation: You have sharp fingernails. [potion of
                  | mutation]
 37958 | Spider:3 | Gained mutation: Your spells are a little harder to cast,
                  | but a little more powerful. [potion of mutation]
 37958 | Spider:3 | Gained mutation: Your spells are harder to cast, but more
                  | powerful. [potion of mutation]
 37958 | Spider:3 | Gained mutation: You are agile. (Dex +2) [potion of
                  | mutation]
 38066 | Lair:6   | Lost mutation: You are agile. (Dex +2) [potion of mutation]
 38066 | Lair:6   | Gained mutation: You evolve. [potion of mutation]
 38066 | Lair:6   | Gained mutation: Your mind is acute. (Int +2) [potion of
                  | mutation]
 38743 | Spider:4 | Received a gift from Okawaru
 39547 | Spider:4 | Got a gossamer rune of Zot
 39770 | Shoals:1 | Entered Level 1 of the Shoals
 39787 | Shoals:1 | Reached skill level 11 in Fighting
 40272 | Elf:2    | Bought a scroll of enchant armour for 90 gold pieces
 41023 | Shoals:1 | Got an ancient animal skin
 41024 | Shoals:1 | Identified the +1 animal skin of Xom's Wrath {MR- Dex+5}
                  | (You found it on level 1 of the Shoals)
 41095 | Shoals:2 | Reached XP level 18. HP: 123/138 MP: 26/26
 41108 | Shoals:2 | Reached skill level 10 in Dodging
 41434 | Shoals:2 | Received a gift from Okawaru
 41509 | Shoals:2 | Got a fine dagger {god gift}
 41513 | Shoals:2 | Identified the +5 dagger of Cheese {vorpal, Dex+3} (Okawaru
                  | gifted it to you on level 2 of the Shoals)
 41675 | Shoals:2 | Found Sumej's Armour Shop.
 42345 | Shoals:2 | Cast into level 2 of the Abyss (merfolk javelineer)
 42693 | Abyss:2  | Paralysed by accursed screaming for 1 turns
 42884 | Abyss:2  | Found a corrupted altar of Lugonu.
 42925 | Abyss:2  | Reached skill level 10 in Armour
 43005 | Abyss:2  | Received a gift from Okawaru
 43008 | Abyss:2  | Got a warped hat {god gift}
 43026 | Abyss:2  | Identified the +4 hat of the Morning {Str-3 Int+2 Slay+4}
                  | (Okawaru gifted it to you on level 2 of the Abyss)
 43043 | Abyss:2  | Noticed a tentacled monstrosity
 43050 | Abyss:2  | Killed a tentacled monstrosity
 43052 | Shoals:2 | Escaped the Abyss
 43953 | Shoals:3 | Noticed Polyphemus
 44152 | Shoals:3 | Killed Polyphemus
 44152 | Shoals:3 | Reached skill level 12 in Fighting
 45317 | Shoals:4 | Entered Level 4 of the Shoals
 45409 | Shoals:3 | Upgraded the game from 0.25-a0-571-gb5e01bd to
                  | 0.25-a0-576-g50b708a
 45655 | Shoals:4 | Noticed Louise
 45676 | Shoals:4 | Killed Louise
 45849 | Shoals:4 | Identified Sif Muna's Almanac of Burning Beguiling
 46203 | Shoals:4 | Got a translucent short sword
 46204 | Shoals:4 | Identified the +2 short sword of Indignation {flame, Int+2}
                  | (You found it on level 4 of the Shoals)
 46360 | Shoals:4 | Gained mutation: You have a pair of large antennae on your
                  | head. (SInv) [demonic ancestry]
 46360 | Shoals:4 | Reached XP level 19. HP: 146/146 MP: 28/28
 46871 | Shoals:4 | Received a gift from Okawaru
 47574 | Shoals:4 | Got a barnacled rune of Zot
 47958 | Elf:3    | Entered Level 3 of the Elven Halls
 47985 | Elf:3    | Found Totsim's Antique Weapon Shop.
 47996 | Elf:3    | Bought an ichor-stained broad axe for 270 gold pieces
 47996 | Elf:3    | Identified the cursed +1 broad axe "Ogre's Bane" {speed,
                  | +Inv MP+9} (You bought it in a shop on level 3 of the Elven
                  | Halls)
 48348 | Elf:3    | Found an ancient bone altar of Kikubaaqudgha.
 48831 | Elf:3    | Received a gift from Okawaru
 49210 | Elf:3    | Received a gift from Okawaru
 49265 | Elf:3    | Noticed a Brimstone Fiend
 49466 | Elf:3    | Identified the ring of the Philosopher {rC+ rN+ MR+}
 49887 | Elf:3    | Reached skill level 13 in Fighting
 49932 | Elf:3    | Identified the +8 war axe of Wyrd {speed, Str+2 Dex+2}
 50116 | Elf:3    | Received a gift from Okawaru
 50306 | Elf:3    | Identified the +0 kite shield of Cocytus {rF+ Regen+} (You
                  | acquired it on level 3 of the Elven Halls)
 51292 | D:14     | Got a pitted graven amulet
 51293 | D:14     | Identified the amulet of Bausoele {Acrobat MR- Str+2 Int+4}
                  | (You found it on level 14 of the Dungeon)
 51807 | D:14     | Found Duuriusu's Weapon Emporium.
 51810 | D:14     | Bought the +8 mithril axe "Arga" {speed, MR+} for 904 gold
                  | pieces
 51810 | D:14     | Found the +8 mithril axe "Arga" {speed, MR+}
 51913 | D:14     | Noticed Jorgrun
 51922 | D:14     | Killed Jorgrun
 51922 | D:14     | Reached skill level 1 in Axes
 52278 | D:14     | Received a gift from Okawaru
 52279 | D:14     | Found the +7 Kryia's mail coat {PotionHeal*2 rC+}
 52296 | D:14     | Found a gate to the Vaults.
 52657 | D:15     | Entered Level 15 of the Dungeon
 52726 | D:15     | Identified Roxanne's Tome of Clay
 52726 | D:15     | Noticed Roxanne
 52748 | D:15     | Killed Roxanne
 53137 | D:15     | Got a transparent spear
 53138 | D:15     | Identified the +5 spear of Iheeroci {venom, MR+} (You found
                  | it on level 15 of the Dungeon)
 53151 | D:15     | Reached skill level 5 in Axes
 53185 | D:15     | Reached XP level 20. HP: 156/156 MP: 30/30
 53805 | D:15     | Found a staircase to the Depths.
 54033 | Vaults:1 | Entered Level 1 of the Vaults
 55061 | Vaults:1 | Received a gift from Okawaru
 55575 | Vaults:1 | Got a warped ivory ring
 55576 | Vaults:1 | Identified the ring "Weidgh" {rF+ rC+ MR+ Str-4 SInv} (You
                  | found it on level 1 of the Vaults)
 55626 | Vaults:2 | Found Uklolaism's Distillery.
 55631 | Vaults:2 | Bought a potion of heal wounds for 80 gold pieces
 55631 | Vaults:2 | Bought a potion of flight for 48 gold pieces
 55631 | Vaults:2 | Bought a potion of curing for 48 gold pieces
 55631 | Vaults:2 | Bought a potion of heal wounds for 80 gold pieces
 55631 | Vaults:2 | Bought 2 potions of might for 128 gold pieces
 55631 | Vaults:2 | Bought a potion of flight for 48 gold pieces
 55631 | Vaults:2 | Bought a potion of cancellation for 128 gold pieces
 55631 | Vaults:2 | Bought a potion of mutation for 128 gold pieces
 55631 | Vaults:2 | Bought a potion of mutation for 128 gold pieces
 55633 | Vaults:2 | Lost mutation: Your mind is acute. (Int +2) [potion of
                  | mutation]
 55633 | Vaults:2 | Lost mutation: Your spells are harder to cast, but more
                  | powerful. [potion of mutation]
 55633 | Vaults:2 | Lost mutation: You evolve. [potion of mutation]
 55633 | Vaults:2 | Gained mutation: You are agile. (Dex +2) [potion of
                  | mutation]
 55633 | Vaults:2 | Gained mutation: You have sharp toenails. [potion of
                  | mutation]
 55633 | Vaults:2 | Gained mutation: You have supernaturally acute eyesight.
                  | (SInv) [potion of mutation]
 55634 | Vaults:2 | Lost mutation: Your spells are a little harder to cast, but
                  | a little more powerful. [potion of mutation]
 55634 | Vaults:2 | Lost mutation: You are agile. (Dex +2) [potion of mutation]
 55634 | Vaults:2 | Lost mutation: You have sharp toenails. [potion of
                  | mutation]
 55634 | Vaults:2 | Gained mutation: Your body sometimes deteriorates upon
                  | taking damage. [potion of mutation]
 55634 | Vaults:2 | Gained mutation: Your system is resistant to poisons.
                  | (rPois) [potion of mutation]
 55887 | D:8      | Lost mutation: Your body sometimes deteriorates upon taking
                  | damage. [potion of mutation]
 55887 | D:8      | Lost mutation: You have supernaturally acute eyesight.
                  | (SInv) [potion of mutation]
 55887 | D:8      | Lost mutation: Your system is resistant to poisons. (rPois)
                  | [potion of mutation]
 55887 | D:8      | Gained mutation: You have very sharp teeth. [potion of
                  | mutation]
 55887 | D:8      | Gained mutation: You evolve. [potion of mutation]
 56247 | Vaults:2 | Reached skill level 10 in Axes
 56546 | Vaults:2 | Reached skill level 14 in Fighting
 57828 | Vaults:2 | Found a staircase to the Crypt.
 57994 | Vaults:3 | Received a gift from Okawaru
 58595 | Vaults:3 | Noticed Boris
 58608 | Vaults:3 | Killed Boris
 58608 | Vaults:3 | Reached skill level 15 in Fighting
 58608 | Vaults:3 | Reached XP level 21. HP: 160/168 MP: 31/31
 58797 | Vaults:3 | Found Zacaulap's Assorted Antiques.
 58805 | Vaults:3 | Bought a scroll of enchant armour for 240 gold pieces
 58805 | Vaults:3 | Bought a potion of lignification for 96 gold pieces
 58805 | Vaults:3 | Bought a potion of curing for 96 gold pieces
 58857 | Vaults:3 | Received a gift from Okawaru
 60317 | Vaults:3 | Received a gift from Okawaru
 60816 | Vaults:4 | Received a gift from Okawaru
 61024 | Vaults:4 | Noticed Saint Roka
 61050 | Vaults:4 | Killed Saint Roka
 61050 | Vaults:4 | Reached skill level 16 in Fighting
 61273 | Vaults:4 | Gained mutation: You can translocate small distances at
                  | will. [evolution]
 62217 | Vaults:4 | Found Ducwut's Assorted Antiques.
 62282 | Vaults:4 | Bought a scroll of acquirement for 1404 gold pieces
 62429 | Vaults:4 | Noticed Xtahua
 62459 | Vaults:4 | Killed Xtahua
 62765 | Vaults:4 | Received a gift from Okawaru
 62869 | Vaults:4 | Received a gift from Okawaru
 62870 | Vaults:4 | Gained mutation: Your magical and physical power is
                  | enhanced at high health. [demonic ancestry]
 62870 | Vaults:4 | Reached XP level 22. HP: 119/180 MP: 26/32
 63397 | Vaults:4 | Reached skill level 17 in Fighting
 63964 | Vaults:5 | Entered Level 5 of the Vaults
 63967 | Vaults:5 | Noticed an ancient lich
 63998 | Vaults:5 | Killed an ancient lich
 63998 | Vaults:5 | Reached skill level 10 in Throwing
 64378 | Vaults:5 | Received a gift from Okawaru
 64550 | Vaults:5 | Received a gift from Okawaru
 65048 | Vaults:5 | Received a gift from Okawaru
 65175 | Vaults:5 | Received a gift from Okawaru
 65175 | Vaults:5 | Reached skill level 18 in Fighting
 65190 | Vaults:4 | Demolished by a titan

Levels and vault maps discovered:
D:1:      lemuel_arrival_rhombus, layout_rooms, lemuel_another_geyser
D:2:      layout_basic, first_ration, chequers_ecumenical_altar_simple_redux
D:3:      layout_rooms
D:4:      layout_loops_corners, gup_sewer_entry_bowl, kennysheep_potato
D:5:      layout_rooms, nicolae_dithmenos_through_a_glass_darkly,
          gammafunk_ghost_grave, minmay_hollow_rounded_squares, uniq_sigmund
D:6:      layout_loops_ring, lemuel_doored_altar, minmay_misc_feat_five,
          st_stairs_6, roderic_lattice_a
D:7:      layout_cave_pods, minmay_temple_entry_from_below_a, serial_shops,
          shop, grunt_livestock, kennysheep_generic_room_11
D:8:      layout_loops_cross, serial_shops, shop
D:9:      layout_basic, old_standard_altar, nicolae_overflow_hidden_temple,
          dpeg_oklobed_lair, erik_orc_3, basic_altar, minmay_parallelograms,
          kennysheep_flooded_box
D:10:     layout_loops_corners, minivault_16, nicolae_twisting_strands,
          minmay_misc_feat_ornament
D:11:     layout_basic, uniq_snorg
D:12:     layout_loops_ring, lemuel_freeze_loot_1
D:13:     layout_gridville, due_unseen_surprise, uniq_rupert
D:14:     layout_basic, grunt_vaults_entry_fortified, serial_shops,
          kennysheep_mini_moat, minmay_misc_feat_iff, uniq_jorgrun
D:15:     grunt_enter_depths_snipers, layout_gridville, serial_bayou_shore_a,
          minmay_the_grid_2x2 [minmay_the_grid_empty, minmay_the_grid_rooms,
          minmay_the_grid_square_x, minmay_the_grid_prize_four_corners],
          uniq_roxanne
Temple:   hc_temple_tempest_star
Lair:1:   layout_chaotic_city, grunt_megastairs_2
Lair:2:   layout_cave_pods, minmay_shoals_entry_beasts, gauntlet_entry_generic,
          st_stairs_3
Lair:3:   layout_hall_layers, grunt_megastairs_1
Lair:4:   layout_cave_pods, nicolae_spider_entry_non_spiders, uniq_nergalle
Lair:5:   layout_regular_city, slime_altar_2, chequers_serial_rivers_micro_a,
          uniq_sonja
Lair:6:   grunt_lair_end_beastmaster, layout_misc_corridors,
          minmay_lair_oklob_bushes, infiniplex_staircase_pool
Shoals:1: argonaut_golden_fleece, layout_shoals, nicolae_shoals_so_close
Shoals:2: layout_shoals, serial_shops, nicolae_shop_waterfront, st_sunken_huts
Shoals:3: layout_shoals, uniq_polyphemus
Shoals:4: shoals_end_hangedman, layout_shoals, uniq_louise
Spider:1: layout_spider_delve
Spider:2: layout_spider_delve, hangedman_stitches_earthworm, uniq_arachne
Spider:3: layout_spider_delve, minivault_29
Spider:4: spider_rune_water, guppyfry_spider_mini_2
Orc:1:    layout_caves, serial_shops, nicolae_shop_waterfront
Orc:2:    st_orc_ogre_mass, layout_caves, kennysheep_orc_chapel
Elf:1:    layout_loops_corners, hangedman_elven_crosses_minicolossus, uniq_kirke
Elf:2:    layout_loops_ring, serial_shops, shop, uniq_agnes
Elf:3:    minmay_elf_hall_not_hex, layout_geoelf_castle, basic_altar,
          serial_shops, shop
Vaults:1: nicolae_vaults_sealed_display,
          vaults_standard_mumra_enter_the_diamond,
          nicolae_vaults_bisected_slash, vaults_room_corners,
          nicolae_vaults_ninety_degrees, v_misc_14, vaults_mumra_chevron,
          ontoclasm_vaults_idyll, hangedman_vaults_capsules,
          ontoclasm_vaults_eye, vaults_room_fancy_cross,
          ontoclasm_vaults_ligature, ontoclasm_vaults_ring_small,
          layout_vaults_maze_bifur
Vaults:2: nicolae_vaults_diagonal_hallway_9, minmay_crypt_entry_simple_corners,
          nicolae_vaults_network_star, vaults_room_glass_cross, v_misc_22,
          vaults_room_door_ring, nicolae_vaults_shelves_hall,
          layout_vaults_big_room, serial_shops, nicolae_shop_stone
Vaults:3: vaults_room_door_ring, nicolae_vaults_little_squares_1,
          vaults_room_hallway, grunt_vaults_funnel, v_misc_23, st_lattice,
          v_pattern_2, nicolae_vaults_what_the_h, v_misc_27,
          layout_vaults_omnigrid, serial_shops, shop, uniq_boris
Vaults:4: nicolae_vaults_shelves_hall, st_smaller_cells, hangedman_vaults_locks,
          v_misc_29, grunt_vaults_swirl, vaults_room_octagon,
          hangedman_vaults_unwind, v_misc_4, grunt_vaults_twisty,
          nicolae_vaults_little_squares_2, ontoclasm_vaults_twist,
          layout_vaults_omnibox, serial_shops, shop, uniq_saint_roka,
          uniq_xtahua
Vaults:5: uniq_sojobo

Skill      XL: |  1  2  3  4  5  6  7  8  9 10 11 12 13 14 15 16 17 18 19 20 21 22 |
---------------+-------------------------------------------------------------------+-----
Long Blades    | 2 3 4 5 |  5.8
Dodging        | 1 2 3 4 5 6 8 9 11 12 14 | 14.1
Evocations     | 1 2 3 4 6 9 11 12 13 14 | 14.9
Fighting       | 4 5 6 7 9 10 11 12 13 15 16 18 | 18.0
Maces & Flails | 5 9 12 14 16 | 16.0
Shields        | 4 11 15 | 15.3
Invocations    | 3 6 7 9 |  9.7
Armour         | 3 5 7 8 9 10 11 12 | 12.9
Throwing       | 4 6 8 9 10 | 10.5
Staves         | 3 5 |  5.5
Axes           | 5 11 12 | 12.8

Action                   |  1- 3 |  4- 6 |  7- 9 | 10-12 | 13-15 | 16-18 | 19-21 | 22-24 || total
-------------------------+-------+-------+-------+-------+-------+-------+-------+-------++-------
Melee: Long sword        |    79 |   216 |   141 |       |       |       |       |       ||   436
       Morningstar       |       |       |   183 |   519 |  1237 |  1733 |  1591 |       ||  5263
       Staff             |       |       |       |       |       |    67 |       |       ||    67
       Bite              |       |       |       |       |       |       |   163 |    40 ||   203
       Broad axe         |       |       |       |       |       |       |   224 |   245 ||   469
Throw: Boomerang         |       |     9 |       |       |       |       |       |       ||     9
       Dart              |       |       |     1 |     4 |    15 |    24 |     7 |       ||    51
       Javelin           |       |       |       |       |       |       |    16 |    12 ||    28
Invok: Heroism           |       |       |       |    12 |     6 |     9 |    10 |     4 ||    41
       Finesse           |       |       |       |       |     2 |     6 |     5 |     4 ||    17
 Abil: Evoke Berserk Rag |       |     1 |     3 |     3 |     2 |     6 |     4 |       ||    19
       Evoke Blink       |       |       |       |       |     1 |     1 |       |       ||     2
       Evoke Fog         |       |       |       |       |     1 |     3 |     6 |       ||    10
Evoke: Wand              |       |       |       |     1 |     6 |     1 |     1 |       ||     9
       Lamp of fire      |       |       |       |     1 |       |       |       |       ||     1
  Use: Potion            |     1 |     4 |     1 |     2 |     2 |     4 |     4 |     3 ||    21
       Scroll            |       |     7 |     1 |    18 |    22 |    19 |    15 |       ||    82
 Stab: Invisible         |       |     1 |       |       |       |     1 |       |       ||     2
       Sleeping          |       |       |     6 |     8 |    12 |       |     5 |       ||    31
       Distracted        |       |       |     1 |     7 |    15 |     7 |    11 |     3 ||    44
       Petrified         |       |       |       |       |     8 |       |       |       ||     8
  Eat: Chunk             |     1 |     3 |    19 |    12 |    37 |    33 |    29 |     3 ||   137
       Ration            |       |     1 |     1 |     5 |     3 |     7 |     9 |     1 ||    27
Armor: Scale mail        |    55 |   126 |   145 |    29 |       |       |       |       ||   355
       Chain mail        |       |       |       |   181 |   212 |   441 |   341 |    57 ||  1232
       Crystal plate arm |       |       |       |       |   323 |   203 |       |       ||   526
Dodge: Dodged            |    32 |    86 |   123 |   137 |   333 |   571 |   534 |    93 ||  1909
Block: Kite shield       |    41 |   112 |   144 |   325 |   897 |  1211 |  1072 |   129 ||  3931
       Reflection        |       |       |       |       |       |    65 |    16 |       ||    81
       Rpst.: Long sword |     7 |    33 |    21 |       |       |       |       |       ||    61

Table legend:
 A = Non-vault XP
 B = Vault XP
 C = Vault XP percentage of total XP
 D = Non-vault monster count
 E = Vault monster count
 F = Vault count percentage of total count
                 A         B        C        D         E       F
            +---------+---------+-------+---------+---------+-------
      Total |  434652 |  370757 |  46.0 |    1253 |     570 |  31.3
            +---------+---------+-------+---------+---------+-------
        D:1 |      37 |       0 |   0.0 |      17 |       0 |   0.0
        D:2 |     268 |       0 |   0.0 |      23 |       0 |   0.0
        D:3 |     163 |       0 |   0.0 |      25 |       0 |   0.0
        D:4 |     366 |      21 |   5.4 |      16 |       4 |  20.0
        D:5 |     494 |    1140 |  69.8 |      22 |      11 |  33.3
        D:6 |     963 |      36 |   3.6 |      26 |       2 |   7.1
        D:7 |    1176 |    1204 |  50.6 |      25 |       7 |  21.9
        D:8 |    2203 |       0 |   0.0 |      21 |       0 |   0.0
        D:9 |    2859 |     578 |  16.8 |      20 |      17 |  45.9
       D:10 |    4375 |     707 |  13.9 |      29 |       1 |   3.3
       D:11 |    2188 |    1049 |  32.4 |      33 |       1 |   2.9
       D:12 |    4978 |       0 |   0.0 |      27 |       0 |   0.0
       D:13 |    6662 |    4825 |  42.0 |      35 |       4 |  10.3
       D:14 |    1903 |    7809 |  80.4 |       9 |      11 |  55.0
       D:15 |   10508 |   14958 |  58.7 |      32 |      23 |  41.8
     Lair:1 |    2735 |     476 |  14.8 |      13 |       2 |  13.3
     Lair:2 |   11315 |    3373 |  23.0 |      43 |       7 |  14.0
     Lair:3 |    4568 |    1871 |  29.1 |      17 |       4 |  19.0
     Lair:4 |    2263 |    1000 |  30.6 |      15 |       9 |  37.5
     Lair:5 |    5586 |     399 |   6.7 |      25 |       7 |  21.9
     Lair:6 |    8064 |    7825 |  49.2 |      23 |      16 |  41.0
   Shoals:1 |    8358 |    2263 |  21.3 |      22 |       3 |  12.0
   Shoals:2 |   26753 |    7161 |  21.1 |      55 |      10 |  15.4
   Shoals:3 |   17481 |    3020 |  14.7 |      35 |       2 |   5.4
   Shoals:4 |   15005 |   17985 |  54.5 |      33 |      23 |  41.1
   Spider:1 |   15169 |       0 |   0.0 |      41 |       0 |   0.0
   Spider:2 |   16930 |    6450 |  27.6 |      58 |      17 |  22.7
   Spider:3 |   22138 |    7846 |  26.2 |      56 |      43 |  43.4
   Spider:4 |   15896 |   25711 |  61.8 |      47 |      48 |  50.5
      Orc:1 |     373 |       0 |   0.0 |       9 |       0 |   0.0
      Orc:2 |    2102 |   13850 |  86.8 |      28 |      44 |  61.1
      Elf:1 |   10800 |   12467 |  53.6 |      18 |      19 |  51.4
      Elf:2 |   14301 |   24114 |  62.8 |      24 |      30 |  55.6
      Elf:3 |   24566 |   31849 |  56.5 |      40 |      23 |  36.5
   Vaults:1 |   21012 |   14205 |  40.3 |      41 |      27 |  39.7
   Vaults:2 |   27514 |   22359 |  44.8 |      43 |      22 |  33.8
   Vaults:3 |   28361 |   23676 |  45.5 |      42 |      32 |  43.2
   Vaults:4 |   66368 |   45617 |  40.7 |      96 |      48 |  33.3
   Vaults:5 |    7189 |   61979 |  89.6 |      14 |      44 |  75.9
    Abyss:2 |   20662 |       0 |   0.0 |      55 |       0 |   0.0
      Sewer |       0 |     114 | 100.0 |       0 |       6 | 100.0
   Gauntlet |       0 |    2820 | 100.0 |       0 |       3 | 100.0
            +---------+---------+-------+---------+---------+-------
